 Dungeon Sprint DCSS version 0.21-a0-72-gbbb65ab (webtiles) character file.

1042 Kidiri the Skirmisher (level 8, -2/65 HPs)
             Began as a Demonspawn Transmuter on June 20, 2017.
             Was an Elder of Wu Jian.
             Slain by a death cob (16 damage)
             ... in the Dungeon (Sprint VII: "The Pits").
             The game lasted 00:05:32 (1076 turns).

Kidiri the Skirmisher (Demonspawn Transmuter)       Turns: 1076, Time: 00:05:33

Health: -2/65      AC: 15    Str: 14    XL:     8   Next: 4%
Magic:  17/21      EV: 14    Int: 14    God:    Wu Jian [****..]
Gold:   0          SH:  0    Dex: 11    Spells: 7/20 levels left

rFire    . . .     SeeInvis .     - Unarmed
rCold    . . .     Gourm    .   (shield currently unavailable)
rNeg     . . .     Faith    .   r - +0 leather armour
rPois    .         Spirit   .   (no helmet)
rElec    .         Reflect  .   (no cloak)
rCorr    .         Harm     .   (gloves currently unavailable)
MR       .....     NoTele   +   (no boots)
Stlth    +.........             (no amulet)
HPRegen  0.20/turn              (no ring)
MPRegen  0.17/turn              (no ring)

@: blade hands (expiring), sanguine armour, slowed, glowing, heavenly storm,
very slow
A: clumsy 1, high mp 2, powered by death 1, sanguine armour 3
a: End Transformation, Serpent's Lash, Renounce Religion


You were in the Dungeon.
You worshipped Wu Jian.
Wu Jian was greatly pleased with you.
You were very full.
You had blades for hands.
You visited 1 branch

Inventory:

Missiles
 a - 12 arrows
Armour
 r - a +0 leather armour (worn)
Scrolls
 j - a scroll of blinking
 l - 3 scrolls of remove curse
 m - 5 scrolls of amnesia
 n - a scroll of summoning
Potions
 e - 6 potions of curing
 f - 5 potions of heal wounds
 g - a potion of haste
 h - 4 potions of magic
 i - 3 potions of berserk rage
 k - 2 potions of invisibility
Books
 c - a book of Changes

   Spells                             Type                      Level
   a - Beastly Appendage              Transmutation                1
   b - Sticks to Snakes               Transmutation                2
   c - Spider Form                    Transmutation/Poison         3
   d - Ice Form                       Ice/Transmutation            4
   e - Blade Hands                    Transmutation                5
Comestibles
 d - 8 bread rations
 o - 29 fruits
 p - 7 meat rations


   Skills:
 * Level 6.9 Fighting
 + Level 4.2 Armour
 * Level 6.4 Dodging
 + Level 4.5 Stealth
 * Level 6.8 Unarmed Combat
 * Level 6.5 Spellcasting
 * Level 6.5 Transmutations
 + Level 3.3 Ice Magic
 + Level 3.8 Poison Magic


You had 7 spell levels left.
You knew the following spells:

 Your Spells              Type           Power        Failure   Level  Hunger
a - Beastly Appendage     Tmut           ###...       17%         1    None
b - Spider Form           Tmut/Pois      ###.......   36%         3    ##.....
c - Ice Form              Ice/Tmut       ###.....     67%         4    ####...
d - Blade Hands           Tmut           ###.......   77%         5    ######.


Dungeon Overview and Level Annotations

Branches:
Dungeon (1/1)

Altars:
Ashenzari
Cheibriados
Dithmenos
Elyvilon
Fedhas
Gozag
Hepliaklqana
Kikubaaqudgha
Makhleb
Nemelex Xobeh
Okawaru
Qazlal
Ru
Sif Muna
Trog
Uskayaw
Vehumet
Wu Jian
Xom
Yredelemnul
Zin
The Shining One
Beogh
Jiyva
Lugonu


Innate Abilities, Weirdness & Mutations

You regenerate a little health from kills.
When seriously injured, your bleeding wounds create very thick armour. (AC +12)
You are clumsy. (Dex -2)
You have a considerably increased reservoir of magic. (+20% MP)


Message History

The death cob drains your vigour!
You feel yourself slow down.
Unknown command.
Unknown command.
You open the door.
The death cob hits you but does no damage.
The death cob hits you.
* * * LOW HITPOINT WARNING * * *
The death cob drains your vigour!
You feel as though you will be slow longer.
The death cob hits you but does no damage.
You spin and attack the death cob.
You hit the death cob.
The death cob is lightly damaged.
The death cob closely misses you.
The death cob hits you but does no damage.
The death cob hits you.
* * * LOW HITPOINT WARNING * * *
The death cob drains your vigour!
You feel as though you will be slow longer.
The death cob hits you!
You die...

#.#........##.......#
#.#........##.......#
#'###########.......#
#.......#..##########
#.))#...#.######
#..[#...#.#§§..#
#.##.##.#+#§§..#
#...#...#§zz§..+
#...#...#@#g§..#
#......§§§#§§..#
################


You could see a death cob and a flying skull.

Vanquished Creatures
  A redback (D)
  A fire bat (D)
  A floating eye (D)
  An ice beast (D)
  A black bear (D)
  2 sky beasts (D)
  A wolf (D)
  A bullfrog (D)
  An orc priest (D)
  An orc wizard (D)
  A worker ant (D)
  2 river rats (D)
  2 adder zombies (D)
  A worm (D)
  A leopard gecko (D)
  3 orcs (D)
  A bat skeleton (D)
  A hobgoblin (D)
  3 frilled lizards (D)
26 creatures vanquished.

Notes
Turn   | Place    | Note
-------+----------+-------------------------------------------
     0 | D        | Kidiri the Demonspawn Transmuter began the quest for the Orb.
     0 | D        | Reached XP level 1. HP: 15/15 MP: 3/3
    45 | D        | Found a bloodstained altar of Trog.
    45 | D        | Found a deep blue altar of Sif Muna.
    45 | D        | Found a viscous altar of Jiyva.
    45 | D        | Found a hazy altar of Hepliaklqana.
    45 | D        | Found an opulent altar of Gozag.
    46 | D        | Found a glowing golden altar of the Shining One.
    46 | D        | Found a glowing silver altar of Zin.
    46 | D        | Found a basalt altar of Yredelemnul.
    46 | D        | Found a shimmering altar of Xom.
    46 | D        | Found an ornate altar of the Wu Jian Council.
    46 | D        | Found a sacrificial altar of Ru.
    46 | D        | Found a stormy altar of Qazlal.
    46 | D        | Found an iron altar of Okawaru.
    46 | D        | Found a sparkling altar of Nemelex Xobeh.
    46 | D        | Found a burning altar of Makhleb.
    46 | D        | Found a blossoming altar of Fedhas.
    46 | D        | Found a white marble altar of Elyvilon.
    46 | D        | Found a shadowy altar of Dithmenos.
    46 | D        | Found a snail-covered altar of Cheibriados.
    48 | D        | Found a radiant altar of Vehumet.
    48 | D        | Found a corrupted altar of Lugonu.
    48 | D        | Found a roughly hewn altar of Beogh.
    49 | D        | Found a hide-covered altar of Uskayaw.
    49 | D        | Found an ancient bone altar of Kikubaaqudgha.
    49 | D        | Found a shattered altar of Ashenzari.
    55 | D        | Became a worshipper of the Wu Jian Council
   123 | D        | Noticed a floating eye
   125 | D        | Paralysed by a floating eye for 4 turns
   136 | D        | Killed a floating eye
   136 | D        | Reached * piety under Wu Jian
   136 | D        | Gained mutation: When seriously injured, your bleeding wounds create armour. (AC +12) [demonic ancestry]
   136 | D        | Reached XP level 2. HP: 25/25 MP: 3/6
   136 | D        | Gained mutation: When seriously injured, your bleeding wounds create thick armour. (AC +12) [demonic ancestry]
   136 | D        | Reached XP level 3. HP: 30/30 MP: 4/8
   136 | D        | Reached XP level 4. HP: 37/37 MP: 4/9
   264 | D        | Learned a level 3 spell: Spider Form
   269 | D        | Learned a level 4 spell: Ice Form
   273 | D        | Noticed a black bear
   277 | D        | Reached ** piety under Wu Jian
   283 | D        | Killed a black bear
   283 | D        | Reached skill level 5 in Unarmed Combat
   283 | D        | Reached skill level 1 in Ice Magic
   283 | D        | Reached skill level 1 in Poison Magic
   283 | D        | Reached XP level 5. HP: 39/43 MP: 7/11
   367 | D        | Noticed a wolf
   369 | D        | Reached *** piety under Wu Jian
   374 | D        | Reached skill level 5 in Fighting
   374 | D        | Reached skill level 5 in Dodging
   374 | D        | Reached skill level 5 in Transmutations
   374 | D        | Reached XP level 6. HP: 33/51 MP: 8/13
   378 | D        | Reached **** piety under Wu Jian
   381 | D        | Reached skill level 5 in Spellcasting
   387 | D        | Reached ***** piety under Wu Jian
   412 | D        | Learned a level 5 spell: Blade Hands
   582 | D        | Noticed an ice beast
   778 | D        | Killed an ice beast
   778 | D        | Gained mutation: When seriously injured, your bleeding wounds create very thick armour. (AC +12) [demonic ancestry]
   778 | D        | Reached XP level 7. HP: 15/58 MP: 11/15
  1005 | D        | Noticed a redback
  1006 | D        | Killed a redback
  1008 | D        | Noticed a fire bat
  1011 | D        | Killed a fire bat
  1012 | D        | Gained mutation: You regenerate a little health from kills. [demonic ancestry]
  1012 | D        | Reached XP level 8. HP: 65/65 MP: 11/17
  1016 | D        | Gained mutation: You are clumsy. (Dex -2) [mutagenic meat]
  1018 | D        | Gained mutation: You have an increased reservoir of magic. (+10% MP) [mutagenic meat]
  1019 | D        | Gained mutation: You have a considerably increased reservoir of magic. (+20% MP) [mutagenic meat]
  1071 | D        | Noticed a flying skull
  1071 | D        | Noticed a death cob
  1076 | D        | Slain by a death cob

Vault maps used:
D:        pitsprint

Skill      XL: |  1  2  3  4  5  6  7 |
---------------+----------------------+-----
Transmutations | 3 4 5 6 |  6.5
Dodging        | 3 4 5 6 |  6.4
Unarmed Combat | 4 5 6 |  6.8
Fighting       | 3 4 5 6 |  6.9
Armour         | 2 3 4 |  4.2
Stealth        | 2 3 4 |  4.5
Spellcasting   | 3 4 5 6 |  6.5
Ice Magic      | 1 2 3 |  3.3
Poison Magic   | 1 2 3 |  3.8

Action                   |  1- 3 |  4- 6 |  7- 9 || total
-------------------------+-------+-------+-------++-------
Melee: Unarmed           |    19 |    60 |     6 ||    85
       Kick              |     4 |     4 |       ||     8
       Headbutt          |     2 |     1 |       ||     3
       Punch             |     1 |     1 |       ||     2
 Cast: Beastly Appendage |     3 |     1 |       ||     4
       Spider Form       |       |     1 |       ||     1
       Ice Form          |       |     1 |       ||     1
       Blade Hands       |       |       |     2 ||     2
Invok: Heavenly Storm    |       |       |     1 ||     1
  Use: Potion            |       |     1 |       ||     1
 Stab: Sleeping          |       |     1 |     5 ||     6
  Eat: Fruit             |       |    11 |       ||    11
       Chunk             |       |       |     4 ||     4
Armor: Robe              |     7 |       |       ||     7
       Skin              |       |     5 |       ||     5
       Leather armour    |       |       |     3 ||     3
Dodge: Dodged            |    13 |    31 |     3 ||    47
